 Dungeon Crawl Stone Soup version 0.28.0-53-g5a82cb258f (webtiles) character file.

Game seed: 9799994573714179725

254 ghwc the Firebug (level 5, -2/28 HPs)
             Began as a Deep Elf Fire Elementalist on June 9, 2022.
             Slain by Ijyb
             ... wielding a +1 dagger of venom
              (5 damage)
             ... on level 3 of the Dungeon.
             The game lasted 00:03:50 (4274 turns).

ghwc the Firebug (Deep Elf Fire Elementalist)       Turns: 4274, Time: 00:03:51

Health: -2/28      AC:  2    Str: 11    XL:     5   Next: 91%
Magic:  10/13      EV: 12    Int: 24    God:
Gold:   91         SH:  0    Dex: 15    Spells: 12/13 levels left

rFire   . . .      SeeInvis .   a - +4 broad axe of Indomitability {vorpal, rPois Str+4 Int+4}
rCold   . . .      Faith    .   (no shield)
rNeg    . . .      Spirit   .   b - +0 robe
rPois   +          Reflect  .   (no helmet)
rElec   .          Harm     .   (no cloak)
rCorr   .          Rampage  .   (no gloves)
Will    .....                   (no boots)
Stlth   ++........              (no amulet)
HPRegen 0.09/turn               (no ring)
MPRegen 0.13/turn               (no ring)

@: lethally poisoned (-2 -> -8)
A: no striking features
a: no special abilities


You were on level 3 of the Dungeon.
You visited 1 branch of the dungeon, and saw 3 of its levels.

You collected 91 gold pieces.

Inventory:

Hand Weapons
 a - the +4 broad axe of Indomitability (weapon) {vorpal, rPois Str+4 Int+4}
   (You acquired it on level 3 of the Dungeon)

   It inflicts extra damage upon your enemies.
   Str:       It affects your strength (+4).
   Int:       It affects your intelligence (+4).
   rPois:     It protects you from poison.
 c - a +0 spear
 j - a +0 long sword of electrocution
Armour
 b - a +0 robe (worn)
Scrolls
 e - a scroll of teleportation
 g - a scroll of immolation
Potions
 d - a potion of flight {unknown}
 f - a potion of cancellation
 h - 2 potions of heal wounds {unknown}
 i - a potion of resistance {unknown}


   Skills:
 - Level 2.4 Dodging
 - Level 2.4 Stealth
 + Level 4.5 Spellcasting
 * Level 4.1 Conjurations
 * Level 5.3 Fire Magic


You had 12 spell levels left.
You knew the following spells:

 Your Spells              Type           Power      Damage    Failure   Level
a - Foxfire               Conj/Fire      100%       2x1d9     1%          1

Your spell library contained the following spells:

 Spells                   Type           Power      Damage    Failure   Level
 Scorch                   Fire           60%        2d8       1%          2
 Conjure Flame            Conj/Fire      28%        6-21      4%          3
 Inner Flame              Hex/Fire       18%        N/A       10%         3
 Flame Wave               Conj/Fire      28%        2d8       13%         4


Dungeon Overview and Level Annotations

Branches:
Dungeon (3/15)

Altars:

Annotations:
D:3 Ijyb


Message History

You conjure some foxfire!
The foxfire hits Ijyb.
Ijyb is lightly wounded.
Your foxfire dissipates!
The foxfire hits Ijyb but does no damage.
Ijyb is lightly wounded.
The foxfire hits Ijyb but does no damage.
Ijyb is lightly wounded.
Casting: Foxfire (safe; 1% risk of failure)
Confirm with . or Enter, or press ? or * to list all spells.
You conjure some foxfire!
Ijyb grins evilly.
Your foxfire dissipates!
The foxfire hits Ijyb.
Ijyb is moderately wounded.
Ijyb zaps a wand.
You struggle to resist.
Casting: Foxfire (safe; 1% risk of failure)
Confirm with . or Enter, or press ? or * to list all spells.
You conjure some foxfire!
The foxfire hits Ijyb but does no damage.
Ijyb is moderately wounded.
You closely miss Ijyb.
Ijyb is moderately wounded.
You barely miss Ijyb.
Ijyb is moderately wounded.
Ijyb hits you with a +1 dagger of venom.
You are poisoned.
Ijyb screams, "It's all mine!"
Ijyb hits you with a +1 dagger of venom.
You hit Ijyb but do no damage.
Ijyb is moderately wounded.
You feel very sick.
Ijyb zaps a wand.
Your mind is blasted!
* * * LOW HITPOINT WARNING * * *
You slash Ijyb!
Ijyb is severely wounded.
* * * LOW HITPOINT WARNING * * *
You feel very sick. Ijyb barely misses you.
Ijyb hits you with a +1 dagger of venom.
You die...

### #.. #.# #.#
#.#
##.#########.#####
...........g.....#
#......g###.###.#
## #######@# #.#
#§# #. #.# #.# #§#
#. #.# #.# #g###
#† #.# #.. $.. ..
#. #.# ###
#.####.##. #.#
#........) #.#
######.... #.#
##### #.# ##### #


You could see Ijyb.

Vanquished Creatures
  2 orc priests (D:3)
  Jessica (D:3)
  Natasha (thrice) (D:3)
  2 adders
  An adder skeleton (D:3)
  3 dart slugs
  7 orcs (D:3)
  3 endoplasms
  4 giant cockroaches
  9 goblins
  3 hobgoblins
  3 quokkas
  8 ball pythons
  4 bats
  3 frilled lizards
  5 kobolds
  3 rats
64 creatures vanquished.

Vanquished Creatures (others)
  324 foxfires
324 creatures vanquished.

Grand Total: 388 creatures vanquished

Notes
Turn   | Place    | Note
-------+----------+-------------------------------------------
     0 | D:1      | ghwc the Deep Elf Fire Elementalist began the quest for the
                  | Orb.
     0 | D:1      | Reached XP level 1. HP: 10/10 MP: 6/6
   393 | D:1      | Reached XP level 2. HP: 15/15 MP: 4/8
  1690 | D:2      | Reached XP level 3. HP: 19/19 MP: 0/9
  1789 | D:2      | Reached skill level 4 in Fire Magic
  2450 | D:2      | Found a faded altar of an unknown god.
  3102 | D:3      | Reached XP level 4. HP: 24/24 MP: 7/11
  3212 | D:3      | Noticed Jessica
  3216 | D:3      | Killed Jessica
  3289 | D:3      | Noticed Natasha
  3427 | D:3      | Killed Natasha
  3443 | D:3      | Noticed Natasha
  3446 | D:3      | Killed Natasha
  3447 | D:3      | Reached XP level 5. HP: 21/28 MP: 3/13
  3666 | D:3      | Reached skill level 5 in Fire Magic
  3978 | D:3      | Noticed Natasha
  3991 | D:3      | Killed Natasha
  4220 | D:3      | Identified a scroll of acquirement
  4220 | D:3      | Acquired the +4 broad axe of Indomitability {vorpal, rPois
                  | Str+4 Int+4}
  4255 | D:3      | Noticed Ijyb
  4274 | D:3      | Slain by Ijyb

Illustrated notes

Levels and vault maps discovered:
D:1:      wheals_arrival_linesprint, layout_loops_cross, minmay_misc_feat_roman,
          minmay_liquid_box
D:2:      layout_rooms, dreamdust_ecumenical_altar_grove
D:3:      layout_loops_ring, serial_shops, shop, palyth_stone_intersect,
          kennysheep_generic_room_11, uniq_ijyb, uniq_natasha, uniq_jessica

Skill      XL: |  1  2  3  4  5 |
---------------+----------------+-----
Conjurations   | 2 3 4 |  4.1
Fire Magic     | 4 5 |  5.3
Spellcasting   | 4 |  4.5
Dodging        | |  2.4
Stealth        | |  2.4

Action                   |  1- 3 |  4- 6 || total
-------------------------+-------+-------++-------
Melee: Spear             |     5 |       ||     5
       Punch             |     1 |     2 ||     3
       Long sword        |       |    10 ||    10
       Broad axe         |       |     4 ||     4
 Cast: Foxfire           |   161 |    61 ||   222
  Use: Scroll            |     5 |     1 ||     6
 Stab: Sleeping          |     1 |       ||     1
Armor: Robe              |     1 |       ||     1
Dodge: Dodged            |     6 |     9 ||    15
